AoeStats
← Mikepig

Arabia

509135952Analyzed
1v1 RM · 8d ago on Sep 25, 2026· 50m 33s· 2 players
Game mode
Random Map
Map size
Tiny (2 player)
Population
200
Speed
Normal
Resources
Standard
Victory
Conquest
Starting age
Dark Age
Ending age
Imperial Age
RankedLock teamsTeams togetherTeam positionsShared explorationLock speedFull tech treeHidden civsTurbo modeCheats
Victory
Defeat
🇨🇿 Saxons · Czechia
807
+15
🇬🇧 Magyars · United Kingdom
792
-15
Mikepig
12:23 Feudal Age
13:12 Loom
18:30 Horse Collar
18:39 Double-Bit Axe
21:55 Scale Barding Armor
22:40 Gold Mining
25:37 Castle Age
24:50 Bloodlines
25:56 Light Cavalry
26:36 Stone Mining
27:16 Husbandry
28:30 Wheelbarrow
28:41 Heavy Plow
30:16 Bow Saw
32:34 Gold Shaft Mining
34:25 Chain Barding Armor
40:47 Hand Cart
44:24 Murder Holes
46:43 Corvinian Army
51:01 Imperial Age
jonascz87
7:22 Loom
9:57 Feudal Age
10:49 Man-at-Arms
16:57 Double-Bit Axe
21:46 Castle Age
20:08 Horse Collar
20:56 Scale Mail Armor
21:09 Forging
23:07 Heavy Plow
23:21 Bow Saw
23:35 Gambesons
29:04 Stone Mining
32:17 Wheelbarrow
33:07 Chain Mail Armor
33:28 Iron Casting
34:26 Hand Cart
40:19 Imperial Age
45:08 Elite Varangian Guard
48:37 Two-Man Saw
48:18 Plate Mail Armor
48:34 Town Watch
Connection lost

Rejoining the realm…

Still unreachable

The connection could not be restored.

Session expired

The server has moved on; the page needs a fresh start.